[Event "Late-Titled-Tuesday-Blitz-January-23-2024"]
[Site "Chess.com"]
[Date "2024.01.23"]
[Round "11"]
[White "smotherhubbard"]
[Black "wild3000"]
[Result "1-0"]
[WhiteElo "2352"]
[BlackElo "2442"]
[TimeControl "180+1"]
[EndTime "16:04:06 PST"]
[Termination "smotherhubbard won on time"]

1. d4 e6 2. c4 Nf6 3. Nf3 Bb4+ 4.
Bd2 a5 5. g3 O-O 6. Bg2 d5 7.
O-O Nc6 8. Bg5 dxc4 9. e4 h6 10.
Bxf6 Qxf6 11. a3 Be7 12. e5 Qg6 13. Qc1 b5 14. Nh4 Bxh4 15. Bxc6 Bg5 16. Qe1 Rb8 17. Qxa5 Bb7 18. Bxb7 Rxb7 19. f4 Be7 20. Nc3 c6 21.
Qa6 Rfb8 22. Qxc6 b4 23. axb4 Rxb4 24. Nd1 h5 25. d5 exd5 26. Qxd5 h4 27. Qg2 Bc5+ 28.
Kh1 Bd4 29. gxh4 Qxg2+ 30. Kxg2 Bxb2 31. Nxb2 Rxb2+ 32. Rf2 c3 33. Rc1 Rxf2+ 34. Kxf2 Rc8 35. Ke3 c2 36. Kd3 Rd8+ 37. Kxc2 Rd4 38. Rf1 g6 39. Kc3 Rd8 40. Rf2 Kg7 41. Rd2 Rh8 42. Kd4 Rxh4 43. Ke4 g5 44. Rf2 gxf4 45. Rxf4 Rxh2 46. Rg4+ Kf8 47. Kf5 Rf2+ 48. Rf4 Ra2 49. Rd4 Ra6 50. Ke4 Kg7 51. Rb4 Rh6 52. Kd5 Ra6 53. Rf4 Kg6 54. Ke4 Ra4+ 55. Kf3 Ra3+ 56. Kg4 Re3 57. Rf6+ Kg7 58.
Kf4 Re1 59. Rf5 Rf1+ 60. Ke4 Re1+ 61. Kd5 Rd1+ 62. Kc6 Kg6 63. Rf6+ Kg7 64. Rf4 Rd2 65.
Re4 Kf8 66. Kc5 Ke7 67. Rd4 Ke6 68. Rxd2 Kxe5 69. Re2+ Kf4 70. Kd5 f5 71. Re5 Kg4 72. Kd4 Kf4 73. Rd5 Kg4 74. Ke5 f4 75. Rd4 1-0

[Event "Late-Titled-Tuesday-Blitz-January-23-2024"]
[Site "Chess.com"]
[Date "2024.01.23"]
[Round "11"]
[White "Arteler"]
[Black "Qvalda"]
[Result "1-0"]
[WhiteElo "2524"]
[BlackElo "2432"]
[TimeControl "180+1"]
[EndTime "16:04:09 PST"]
[Termination "Arteler won on time"]

1. e4 e6 2. d4 d5 3. Nd2 c5 4.
exd5 Qxd5 5. Ngf3 Nf6 6. Bc4 Qd6 7.
dxc5 Qxc5 8. O-O Be7 9. Qe2 O-O 10. Nb3 Qc7 11. Nbd4 a6 12. Bg5 b5 13. Bb3 Bb7 14.
Rfe1 Nbd7 15. Nxe6 fxe6 16. Qxe6+ Kh8 17. Qxe7 Bxf3 18.
gxf3 Rae8 19. Qb4 Qc6 20. Rxe8 Rxe8 21. Qc3 Qd6 22. Re1 Rf8 23. Qd3 Qc5 24. Be3 Qh5 25. Be6 Ne5 26. Qd6 Nxf3+ 27. Kf1 Re8 28. Rd1 h6 29. h3 Qg6 30. Bg4 Ne5 31. Rd4 Nfxg4 32. hxg4 Qxc2 33. Kg2 Nf7 34. Qd7 Rf8 35. Rf4 Qg6 36.
Bc5 Rd8 37. Qxf7 Qc6+ 38. Rf3 Qxc5 39. Qg6 Rg8 40. Qxa6 Qd5 41. Qa3 Re8 42. Qc3 Rd8 43. b3 Re8 44. Kg3 Rd8 45. Qe3 Qd6+ 46. Qf4 Qd7 47.
Qf5 Qd6+ 48. Kg2 Qd7 49. Qxd7 Rxd7 50. Rf5 Ra7 51. Rxb5 Rxa2 52. Rb8+ Kh7 53. b4 Rb2 54. b5 Kg6 55. b6 Kg5 56. Kg3 Rb3+ 57. f3 h5 58. gxh5 Kxh5 59. Kf4 Kg6 60. Ke4 Rb4+ 61. Kd5 Rb3 62. Ke4 Rb4+ 63. Kd5 Rb3 64. Kc4 Rxf3 65. b7 Rf4+ 66. Kc5 Rf5+ 67. Kd6 Rb5 68. Kc6 Rb1 69. Rh8 Rc1+ 70. Kd5 Rd1+ 71. Ke4 Re1+ 72. Kf3 Rf1+ 73. Kg2 Rf8 74. Rxf8 1-0

[Event "Late-Titled-Tuesday-Blitz-January-23-2024"]
[Site "Chess.com"]
[Date "2024.01.23"]
[Round "11"]
[White "IlanSchnaider"]
[Black "rasmussvane"]
[Result "0-1"]
[WhiteElo "2759"]
[BlackElo "2975"]
[TimeControl "180+1"]
[EndTime "16:04:13 PST"]
[Termination "rasmussvane won on time"]

1. e4 c6 2. Nc3 d5 3. Nf3 dxe4 4.
Nxe4 Nf6 5. Qe2 Nxe4 6. Qxe4 Qa5 7.
Bc4 Bf5 8. Qf4 e6 9. O-O Be7 10.
d3 O-O 11. Bd2 Qd8 12. Bc3 Nd7 13. Rfe1 Re8 14. Nd4 Bg5 15. Qg3 Bg6 16. Nf3 Bf6 17. Ne5 Nxe5 18. Bxe5 Bxe5 19. Qxe5 Rc8 20. a4 b6 21. Qe3 Qc7 22. h4 h6 23. Qf3 Rcd8 24.
Re3 Rd4 25. h5 Rf4 26. Qh3 Bf5 27. Qg3 Rc8 28. Rae1 Rd4 29. Qxc7 Rxc7 30. f3 Kf8 31. g4 Bh7 32. Kf2 b5 33. Bb3 bxa4 34. Bc4 Rb7 35.
Ra1 Rxb2 36. Re2 Rb4 37. c3 Rdxc4 38. dxc4 Rxc4 39. Rea2 Rxc3 40. Rxa4 g6 41. hxg6 Bxg6 42. Rxa7 h5 43. Rc7 hxg4 44. fxg4 Kg7 45. Ra6 Be4 46. Raa7 Rf3+ 47. Ke2 Kg6 48. Rc8 Bd5 49. Rg8+ Kf6 50. Rf8 Kg7 51. Rc8 Rf4 52. Rcc7 Kg6 53. Ke3 Re4+ 54. Kd3 Rf4 55. Ke3 Rf3+ 56. Ke2 e5 57.
Rd7 e4 58. Rd6+ Kg5 59. Ra8 Kxg4 60. Rg8+ Kf5 61. Rf8 Ke5 62. Rdd8 Kd4 63. Rd7 f5 64. Rd6 f4 65. Rdf6 Re3+ 66. Kd2 f3 67. Rf4 Re2+ 68.
Kd1 Rh2 69. Rd8 Kd3 70. Kc1 Rh1+ 71. Kb2 Ke3 72. Rf6 Ke2 73. Re8 e3 0-1

[Event "Late-Titled-Tuesday-Blitz-January-23-2024"]
[Site "Chess.com"]
[Date "2024.01.23"]
[Round "11"]
[White "Josgar05"]
[Black "thesupera12"]
[Result "0-1"]
[WhiteElo "2346"]
[BlackElo "2523"]
[TimeControl "180+1"]
[EndTime "16:04:26 PST"]
[Termination "thesupera12 won on time"]

1. Nf3 g6 2. g3 Bg7 3. Bg2 b6 4. O-O Bb7 5. Re1 d5 6. d3 Nf6 7.
Nbd2 O-O 8. c3 c5 9. Qc2 Nc6 10.
e4 dxe4 11. dxe4 Qc7 12. Nc4 Rfd8 13. Bf4 Qc8 14. a4 Ba6 15. Bf1 Qe6 16. Ng5 Qg4 17. Bh3 Qh5 18. Bf1 h6 19. Be2 hxg5 20. Bxh5 Nxh5 21.
Bxg5 Bxc4 22. b3 Be6 23. Rad1 Nf6 24. f3 Ne5 25. Kg2 c4 26. bxc4 Bxc4 27. Be3 Rac8 28.
Bd4 Nc6 29. Qf2 Bb3 30. Rd2 Bxa4 31. h4 e5 32. Be3 Rxd2 33. Qxd2 Rd8 34. Qa2 b5 35.
Bg5 Rd3 36. Re2 Rxc3 37. Qd2 Rc2 38. Qe1 Rc4 39. Be3 Nd4 40. Bxd4 exd4 41. Qa5 d3 42. Rd2 Bc2 43. Qd8+ Kh7 44. g4 Nxg4 45. fxg4 Rxe4 46. Kf3 Rd4 47. Qe7 Bb3 48. Ke3 Rxg4 49. Rxd3 Bc2 50.
Rd7 Re4+ 51. Qxe4 Bxe4 52. Kxe4 f5+ 53. Kf4 Kh6 54. Rxa7 b4 55. Rb7 Bc3 56. h5 Bd2+ 57. Ke5 Kxh5 58. Rh7+ Kg4 59. Rd7 Bc3+ 60. Kd5 f4 61.
Ke4 g5 62. Rf7 b3 63. Rb7 b2 64. Kd3 Be5 65. Ke2 Kg3 66. Kf1 g4 67. Rb3+ f3 68.
Rb5 Kf4 69. Rb4+ Ke3 70. Rb3+ Kd2 71. Kf2 Kc2 72. Rb5 b1=Q 73. Rxb1 Kxb1 74. Ke3 Kc2 75. Ke4 f2 76. Kxe5 f1=Q 77. Ke4 g3 78. Ke5 g2 79.
Kd4 g1=Q+ 80. Ke4 Qg4+ 81. Kd5 Qff5+ 82. Kd6 Qgg6+ 83. Ke7 Qff7+ 0-1

[Event "Late-Titled-Tuesday-Blitz-January-23-2024"]
[Site "Chess.com"]
[Date "2024.01.23"]
[Round "11"]
[White "Revan_2002"]
[Black "Flameboard08"]
[Result "0-1"]
[WhiteElo "2463"]
[BlackElo "2561"]
[TimeControl "180+1"]
[EndTime "16:04:31 PST"]
[Termination "Flameboard08 won by checkmate"]

1. b3 b6 2. Bb2 Bb7 3. e3 Nf6 4. Nf3 e6 5. Be2 c5 6. O-O d6 7. d4 Nbd7 8. c4 Be7 9. Nbd2 O-O 10. a3 a5 11. Rc1 a4 12. bxa4 Bc6 13.
Bd3 Bxa4 14. Qe2 d5 15. e4 cxd4 16. e5 Nh5 17. cxd5 Nf4 18. Bxh7+ Kxh7 19. Qe4+ Ng6 20. d6 Bg5 21. Bxd4 Bh6 22. h4 Bxd2 23. Nxd2 Qxh4 24. f4 Rfc8 25. Be3 Qg4 26. Rxc8 Rxc8 27. Qxa4 Ndxe5 28. Qa6 Rc3 29. Qxb6 Nd7 30. Qd4 Rxa3 31. f5 exf5 32.
Qxg4 fxg4 33. Rxf7 Nge5 34. Rxd7 Nxd7 35. Bf4 Rd3 36.
Ne4 Rd4 37. Ng5+ Kg6 38. g3 Kf5 39. Nf7 Ra4 40. Kf2 Ke4 41. Ng5+ Kd3 42. Nf7 Ra2+ 43. Ke1 Re2+ 44. Kf1 Re6 45. Ng5 Rg6 46. Nf7 Kd4 47. Ke2 Rf6 48. Ng5 Kd5 49. Ke3 Rf8 50. Nh7 Re8+ 51.
Kf2 Nc5 52. Kg2 Re2+ 53. Kf1 Rh2 54. Nf8 Kc6 55. Ng6 Rh5 56. Ke2 Nd7 57. Ke3 Kd5 58. Kd3 Ke6 59. Ke4 Ra5 60. Kd4 Ra4+ 61. Ke3 Nf6 62. Nf8+ Kf7 63. d7 Ra8 64. Bc7 Nd5+ 65. Kd4 Nxc7 66. Kc5 Kxf8 67. Kc6 Ne6 68. Kb7 Rd8 69.
Kc6 Ke7 70. Kd5 Rxd7+ 71. Ke5 Rb7 72. Kf5 Rb5+ 73. Kg6 Kd6 74. Kf7 Rb3 75. Kg6 Rxg3 76. Kf5 Rb3 77. Ke4 g3 78. Kf5 g2 79. Kg6 g1=Q+ 80. Kh7 Qh2+ 81. Kg8 Rb8+ 82. Kf7 Qf4+ 83.
Kg6 Qf6+ 84. Kh5 Qg5# 0-1

[Event "Late-Titled-Tuesday-Blitz-January-23-2024"]
[Site "Chess.com"]
[Date "2024.01.23"]
[Round "11"]
[White "Hikaru"]
[Black "SpeedofLight0"]
[Result "1-0"]
[WhiteElo "3280"]
[BlackElo "2980"]
[TimeControl "180+1"]
[EndTime "16:04:36 PST"]
[Termination "Hikaru won by checkmate"]

1. e4 e5 2. Bc4 Nf6 3. d3 Nc6 4. Nc3 Bb4 5. Ne2 Na5 6. O-O O-O 7. a3 Be7 8. Ba2 d6 9. f4 Be6 10. Nd5 Nc6 11. c4 a5 12. h3 Nd4 13. Be3 c5 14.
fxe5 dxe5 15. Nxd4 Bxd5 16. Nf5 Be6 17. Nxe7+ Qxe7 18. Bg5 Rad8 19. Rf3 Rd6 20. Qe2 Rfd8 21. Raf1 Bc8 22.
Bb1 b6 23. Qf2 h6 24. Bxf6 Rxf6 25. Rxf6 Qxf6 26. Qxf6 gxf6 27. Rxf6 Be6 28. Rxh6 Bxc4 29. Rxb6 Bxd3 30. Bxd3 Rxd3 31. Rb5 f6 32. Rxc5 Rb3 33. Rxa5 Rxb2 34. Kf1 Kf7 35. Ra7+ Kg6 36. Ra8 Kg5 37.
g3 Rh2 38. a4 Rb2 39. a5 Kg6 40. a6 Ra2 41. a7 Kg7 42. Ke1 Ra4 43. Kd2 Ra2+ 44.
Kc3 Ra3+ 45. Kb4 Ra1 46. g4 Ra2 47. h4 Ra1 48. Kc5 Ra4 49. Kd6 Ra1 50. Ke6 Ra6+ 51. Kf5 Ra1 52. g5 fxg5 53. Kxg5 Ra6 54. Kf5 Ra5 55. h5 Kh7 56. Kf6 Ra1 57. Kxe5 Ra6 58. Kd4 Rd6+ 59. Ke3 Rd7 60. e5 Re7 61. Ke4 Rb7 62.
Rh8+ Kg7 63. Rh7+ Kxh7 64. a8=Q Rg7 65. Qf8 Rg4+ 66. Kf3 Rg3+ 67. Ke2 Re3+ 68. Kf2 Re2+ 69. Kg1 Rg2+ 70. Kf1 Rg1+ 71. Ke2 Re1+ 72. Kd2 Rd1+ 73. Ke3 Re1+ 74. Kd4 Re4+ 75. Kc5 Rxe5+ 76. Kc6 Rxh5 77. Qf7+ Kh6 78. Kd6 Rg5 79. Qf4 Kg6 80. Ke6 Rh5 81.
Qg3+ Rg5 82. Qd3+ Kg7 83. Qd4+ Kg6 84. Qe4+ Kg7 85. Qf4 Rg6+ 86. Ke7 Rg2 87. Qe5+ Kh7 88.
Qe4+ Rg6 89. Kf7 Kh8 90. Qh4+ Rh6 91. Qxh6# 1-0

[Event "Late-Titled-Tuesday-Blitz-January-23-2024"]
[Site "Chess.com"]
[Date "2024.01.23"]
[Round "11"]
[White "Mikhal867"]
[Black "WPWPWP-2015"]
[Result "1-0"]
[WhiteElo "2435"]
[BlackElo "2480"]
[TimeControl "180+1"]
[EndTime "16:04:43 PST"]
[Termination "Mikhal867 won by checkmate"]

1. d4 Nf6 2. g4 Nxg4 3. e4 Nf6 4. e5 Ng8 5. Nc3 d5 6. f4 Bf5 7. Nf3 e6 8. Be3 a6 9. Qd2 Nc6 10. Ne2 h5 11. Ng3 Bg4 12. Be2 h4 13. Nf1 Nh6 14. Rg1 Bf5 15. Bf2 Ng4 16. Ne3 Nxe3 17. Bxe3 Nb4 18. Bd1 g6 19. Bf2 Nc6 20. Be2 Nb4 21.
Bd1 Be7 22. Ng5 Qd7 23. a3 Nc6 24. Be2 h3 25. Rg3 Bxg5 26. Rxg5 O-O-O 27. O-O-O Be4 28. Rg3 Rh7 29. Bf1 Rdh8 30. Qc3 Bf5 31. Be1 Rh4 32.
Qe3 Ne7 33. Bb4 Nc6 34. Bc5 Kb8 35. a4 Kc8 36. Ba3 Nb8 37. b3 Qc6 38. Kb2 Nd7 39. Rd2 Nb6 40. Rf2 Qe8 41. Bc5 Nd7 42. Bb4 Qd8 43. Qc3 Kb8 44. Ba5 Nb6 45. Bb4 Nc8 46.
a5 Na7 47. Bc5 Qd7 48. Qb4 Nc6 49. Qa4 Kc8 50. Qa3 Nb8 51. b4 Rg4 52. Rxg4 Bxg4 53. Qb3 c6 54. Bd6 Bf5 55. Qc3 Qd8 56. Qc5 Kd7 57. Qa7 Qc8 58. Bc5 Re8 59. Rf3 Rh8 60.
Rg3 Rh7 61. Rf3 Rh8 62. Bd6 g5 63. fxg5 Bg6 64. Bxh3 Rh4 65. Kc3 Rh8 66. Rg3 Bh5 67.
Bc5 Bg6 68. Qb6 Qc7 69. Rf3 Qxb6 70. axb6 Ke8 71. Bd6 Nd7 72. Bc7 Rh4 73. Kb3 Be4 74. Rg3 Nf8 75. Bd6 Ng6 76. Bg2 Bf5 77. h3 Rxd4 78. c3 Rd2 79. Bf1 Bc2+ 80. Ka3 Rf2 81.
Bxa6 Bb1 82. Bxb7 Bd3 83. Bxc6+ Kd8 84. b7 Ra2+ 85. Kxa2 Bc4+ 86. Kb2 Ne7 87. b8=Q+ Nc8 88. Qc7# 1-0

[Event "Late-Titled-Tuesday-Blitz-January-23-2024"]
[Site "Chess.com"]
[Date "2024.01.23"]
[Round "11"]
[White "1mbl4"]
[Black "mbojan"]
[Result "1-0"]
[WhiteElo "2623"]
[BlackElo "2862"]
[TimeControl "180+1"]
[EndTime "16:04:45 PST"]
[Termination "1mbl4 won on time"]

1. e4 c5 2. d4 cxd4 3. c3 d3 4. c4 Nc6 5. Nc3 g6 6. Bxd3 Bg7 7. Nge2 Ne5 8. O-O Nf6 9. h3 O-O 10. Be3 d6 11. Rc1 b6 12. b3 Nxd3 13. Qxd3 Bb7 14.
Rfd1 Rc8 15. Bd4 Nd7 16. Bxg7 Kxg7 17. Nd5 Bxd5 18. cxd5 Nb8 19. Nd4 Qd7 20. a4 Rc5 21. Rc4 Rfc8 22. Rdc1 Rxc4 23. Rxc4 Rc5 24. Kh2 Qc8 25. f4 Kg8 26. Nb5 a6 27. Nd4 Qc7 28.
Qc3 Qc8 29. Qc2 Rxc4 30. bxc4 Qc5 31. Qc3 a5 32. e5 Qb4 33. Qc2 dxe5 34. fxe5 Qe1 35.
Nf3 Qe3 36. Kh1 Nd7 37. Qb2 h5 38. Kh2 h4 39. Kh1 Qf4 40. Qc3 Nc5 41. d6 exd6 42.
exd6 Qxd6 43. Qe3 Nxa4 44. Qe8+ Kg7 45. Ne5 Qf6 46. Ng4 Qf1+ 47. Kh2 Qf4+ 48. Kh1 Nc5 49. Qc6 Ne4 50. Qxb6 Ng3+ 51. Kg1 Ne2+ 52. Kh1 Qf1+ 53.
Kh2 Qf4+ 54. Kh1 a4 55. Qb2+ Kh7 56. Qxe2 f5 57. Ne3 Qe4 58. Qd2 a3 59. c5 a2 60.
Qxa2 Qxe3 61. Qc2 Qe1+ 62. Kh2 Qg3+ 63. Kg1 Qe1+ 64. Kh2 Qe5+ 65. Kg1 Qe3+ 66. Kf1 Qf4+ 67. Ke2 Kg7 68. c6 Qc7 69. Qc3+ Kf7 70. Qc5 Ke6 71. Kd3 Qd6+ 72. Kc4 Qf4+ 73. Kb5 Qf1+ 74. Kb6 Qb1+ 75. Qb5 Qg1+ 76. Ka6 Qxg2 77. c7 Qa8+ 78. Kb6 f4 79. Qc6+ Qxc6+ 80. Kxc6 f3 81. c8=Q+ Ke5 82. Qg4 f2 83. Qf3 1-0

[Event "Late-Titled-Tuesday-Blitz-January-23-2024"]
[Site "Chess.com"]
[Date "2024.01.23"]
[Round "11"]
[White "SanchezKelvin"]
[Black "Goryachkina"]
[Result "1/2-1/2"]
[WhiteElo "2575"]
[BlackElo "2683"]
[TimeControl "180+1"]
[EndTime "16:04:46 PST"]
[Termination "Game drawn by repetition"]

1. e4 c5 2. Nf3 e6 3. d4 cxd4 4. Nxd4 Nc6 5. Nc3 Bc5 6. Nb3 Bb4 7. Bd2 Nf6 8. Bd3 O-O 9. Qe2 a5 10. a3 Be7 11. e5 Ne8 12. a4 Nb4 13. O-O Nxd3 14. Qxd3 d5 15. Nd4 Qc7 16. Rfe1 Bd7 17. Ndb5 Qd8 18. Ne2 Nc7 19. Ned4 Nxb5 20. axb5 a4 21.
f4 Bc5 22. Be3 Qb6 23. c3 Bxd4 24. Bxd4 Qxb5 25. Qxb5 Bxb5 26. Bc5 Rfc8 27. Bb4 h6 28. Rad1 Rc4 29. g3 Rac8 30. Rd2 d4 31. Rxd4 Rxd4 32. cxd4 Rc2 33. Ba3 Rd2 34. Rc1 Bc6 35. Kf1 Rxh2 36. Rc3 Kh7 37. Kg1 Rg2+ 38. Kf1 Rd2 39. Ke1 Rxd4 40.
Ke2 Kg6 41. Bc5 Re4+ 42. Kf2 Kf5 43. Rd3 Kg4 44. Bf8 g5 45. Bxh6 Rb4 46. Rd2 Rb3 47.
Bxg5 Rf3+ 48. Ke2 Rxg3 49. Kd1 Be4 50. Rd4 Rg1+ 51. Kd2 Rg2+ 52. Ke3 Bc6 53. Rb4 Kf5 54. Kd4 Rd2+ 55. Kc5 Rd3 56. Kb6 Rb3 57. Kc5 Rxb4 58.
Kxb4 Ke4 59. Kc3 Kd5 60. Bh6 Ke4 61. Bg5 Bd5 62. Kb4 Bb3 63. Bh6 Kd3 64. Bg5 Kc2 65. Ka3 b5 66. Be7 Kc1 67. Bd6 Kd2 68. Be7 Kd3 69. Bg5 Kc4 70. Be7 Bc2 71. Bf8 Bg6 72. Be7 Bh5 73. Bf8 Bg4 74. Be7 Bf3 75. Bd6 Bd5 76. Be7 Kd3 77. Bg5 Ke4 78. Bh6 Bc4 79. Bg5 Kf5 80. Bh6 Kg6 81. Bg5 f5 82.
Bh4 Kh5 83. Bg5 Kg4 84. Bh6 Kf3 85. Bg5 Ke3 86. Bh6 Kd2 87. Bg5 Bd3 88. Bh6 Kc2 89. Bf8 Bc4 90. Be7 Bb3 91. Bf8 Bc4 92. Be7 Bb3 93. Bf8 Bc4 1/2-1/2

[Event "Late-Titled-Tuesday-Blitz-January-23-2024"]
[Site "Chess.com"]
[Date "2024.01.23"]
[Round "11"]
[White "HajiyevKanan"]
[Black "GMRAVEN_ON_YOUTUBE"]
[Result "0-1"]
[WhiteElo "2582"]
[BlackElo "2824"]
[TimeControl "180+1"]
[EndTime "16:05:07 PST"]
[Termination "GMRAVEN_ON_YOUTUBE won by checkmate"]

1. d4 f5 2. Nf3 Nf6 3. g3 g6 4. Bg2 Bg7 5. O-O O-O 6. c4 d6 7. b3 Qe8 8. Bb2 Na6 9. d5 Nc5 10. Nbd2 c6 11. Nd4 cxd5 12. cxd5 Bd7 13. Rc1 Rc8 14. Kh1 Qf7 15. Ne6 Nxe6 16. dxe6 Bxe6 17. Bxb7 Bd5+ 18. Bxd5 Qxd5+ 19. Nf3 Rxc1 20. Qxc1 f4 21. Rd1 Qe4 22. Qc4+ Qxc4 23. bxc4 Ne4 24. Bd4 e5 25. Bxa7 Ra8 26. Nd2 Nc3 27. Rc1 Nxa2 28. Ra1 Rxa7 29. Ne4 Ra4 30. Nxd6 e4 31. Rd1 f3 32. Nxe4 fxe2 33.
Re1 Rxc4 34. Rxe2 Nc1 35. Re3 Bd4 36. Rf3 Ne2 37. Kg2 Kg7 38. Ng5 Rc6 39. Rd3 Bf6 40. Ne4 Re6 41. Rd7+ Re7 42. Nxf6 Kxf6 43. Rd3 h5 44.
Rf3+ Kg7 45. h4 Nd4 46. Rd3 Nf5 47. Kf3 Kf6 48. Kg2 Nh6 49. Rf3+ Kg7 50. Rd3 Rf7 51. Rd2 Ng4 52. Kf1 Rf5 53. Kg2 Kf6 54. Re2 Re5 55. Rd2 Ke6 56. Kf3 Rf5+ 57. Kg2 Ke5 58. Re2+ Kd4 59. Rd2+ Kc3 60. Re2 Kd3 61. Ra2 Rf6 62. Ra3+ Kd4 63. Ra4+ Kc3 64. Ra3+ Kb2 65. Rf3 Re6 66. Rf4 Kc2 67. Rd4 Kc3 68. Rf4 Kd3 69. Rf3+ Ke2 70. Rf4 Re5 71. Ra4 Kd3 72. Ra3+ Ke4 73.
Ra4+ Kf5 74. Ra2 Rd5 75. Re2 Ne5 76. Rc2 Rd4 77. Re2 Nc4 78. Rc2 Ke4 79. Re2+ Kd5 80. Ra2 Rd2 81. Ra6 Ke4 82. Rxg6 Ne3+ 83. Kg1 Rd1+ 84.
Kh2 Ng4+ 85. Kg2 Rd2 86. Rg5 Rxf2+ 87. Kg1 Kf3 88. Rf5+ Kxg3 89. Rxf2 Nxf2 90. Kf1 Nh3 91. Ke2 Kxh4 92. Kf1 Kg3 93. Ke2 Ng1+ 94. Kf1 Nf3 95. Ke2 h4 96. Kf1 h3 97. Ke2 h2 98. Ke3 h1=Q 99. Ke4 Qd1 100. Kf5 Qd6 101. Ke4 Qd4+ 102. Kf5 Qe5+ 103. Kg6 Qe6+ 104. Kh5 Qg8 105. Kh6 Kg2 106. Kh5 Qg5# 0-1